 Dungeon Crawl Stone Soup version 0.17.1-1-g73c8601 (webtiles) character file.

8877 lucasterio the Basher (level 11, -2/75 HPs)
             Began as a Demonspawn Berserker on Dec 24, 2015.
             Was a High Priest of Trog.
             Slain by a freezing wraith (5 damage)
             ... on level 9 of the Dungeon on Dec 25, 2015.
             The game lasted 00:30:52 (9284 turns).

lucasterio the Basher (Demonspawn Berserker)        Turns: 9284, Time: 00:30:55

Health: -2/75      AC: 14    Str: 21    XL:     11   Next: 15%
Magic:  11/11      EV: 11    Int: 12    God:    Trog [*****.]
Gold:   424        SH:  0    Dex: 12    Spells: 0 memorised, 10 levels left

rFire  . . .     SeeInvis .     L - +1 whip (elec)
rCold  . . .     Clarity  .     h - +0 chain mail
rNeg   . . .     SustAt   .     (no shield)
rPois  .         Gourm    .     V - +0 hat {Int+3}
rElec  .         Spirit   .     p - +0 cloak
rCorr  .         Warding  .     (no gloves)
rMut   .         Stasis   .     (no boots)
MR     .....                    f - amulet of faith
Stlth  ++........               W - ring of stealth
                                o - +2 ring of protection

@: exhausted, slowed, very slow, not resistant to hostile enchantments,
unstealthy
A: repulsion field 1, nightstalker 3, powered by death 1
a: Berserk, Trog's Hand, Brothers in Arms, Burn Spellbooks, Renounce Religion


You were on level 9 of the Dungeon.
You worshipped Trog.
Trog was extremely pleased with you.
You were very hungry.

You visited 1 branch of the dungeon, and saw 9 of its levels.

You collected 424 gold pieces.

Inventory:

Hand Weapons
 m - a +0 morningstar
 z - a +0 hunting sling
 C - a +3 flail of protection
 D - the +6 hand axe of Jifeinim {pain, rPois rF+ Dex-3 Stlth+}
   (You found it on level 5 of the Dungeon)

   In the hands of one skilled in necromantic magic, it inflicts extra damage on
   living creatures.
   It affects your dexterity (-3).
   It protects you from fire.
   It protects you from poison.
   It makes you more stealthy.
 L - a +1 whip of electrocution (weapon)
 S - a +8 quarterstaff
Missiles
 d - 308 stones (quivered)
 n - 74 sling bullets
 I - 7 tomahawks
 K - 14 sling bullets of frost
 O - 2 tomahawks of returning
Armour
 h - a +0 chain mail (worn)
 p - a +0 cloak (worn)
 H - a +2 ring mail of cold resistance
 J - the +2 robe "Jaduf" {rF+ MR+ Dex+2}
   (You found it on level 5 of the Dungeon)

   It affects your dexterity (+2).
   It protects you from fire.
   It affects your resistance to hostile enchantments.
 V - a +0 hat of intelligence (worn)
Jewellery
 f - an amulet of faith (around neck)
 o - a +2 ring of protection (left hand)
 v - an uncursed ring of teleportation
 w - an uncursed ring of sustain attributes
 W - a ring of stealth (right hand)
Wands
 a - a wand of disintegration (11)
 b - a wand of random effects (31)
 T - a wand of enslavement (13)
Scrolls
 j - 5 scrolls of identify
 r - 2 scrolls of noise {unknown}
 s - 4 scrolls of remove curse
 t - 3 scrolls of fear {unknown}
 y - 4 scrolls of enchant weapon {unknown}
 B - a scroll of enchant armour {unknown}
 G - a scroll of teleportation {unknown}
 M - a scroll of amnesia {unknown}
 P - a scroll of immolation {unknown}
 R - a scroll of recharging {unknown}
 X - a scroll of magic mapping {unknown}
Potions
 e - 8 potions of curing {unknown}
 g - 4 potions of brilliance {unknown}
 i - 2 potions of magic
 l - 3 potions of might {unknown}
 q - 2 potions of lignification
 u - 3 potions of poison {unknown}
 F - 2 potions of heal wounds
 N - a potion of invisibility
 Q - a potion of cancellation
Comestibles
 c - 6 bread rations
 k - 9 slices of pizza
 x - 5 meat rations
 A - 3 beef jerkies
 E - a royal jelly
 U - 9 chunks of flesh


   Skills:
 - Level 3.0 Fighting
 * Level 12.9 Maces & Flails
 + Level 9.6 Armour
 - Level 1.7 Dodging


You had 10 spell levels left.
You didn't know any spells.

Dungeon Overview and Level Annotations

Branches:
Dungeon (9/15)             Temple (0/1) D:5
   Lair: D:8-11         Orc: D:9-12

Altars:
Ashenzari
Fedhas
Gozag
Kikubaaqudgha
Makhleb
Nemelex Xobeh
Qazlal
Trog
Xom

Shops:
D:3 *   D:9 ?


Innate Abilities, Weirdness & Mutations

You are surrounded by a mild repulsion field (EV +2).
You are completely attuned to the shadows.
You regenerate a little health from kills.


Message History

You are feeling very hungry.
The freezing wraith barely misses you. x2
You see here a dagger.
You hit the freezing wraith.
There is a sudden explosion of sparks!
The freezing wraith is heavily damaged.
The freezing wraith barely misses you.
The freezing wraith hits you but does no damage.
You hit the freezing wraith but do no damage.
The freezing wraith is heavily damaged.
The freezing wraith hits you. The freezing wraith freezes you!
The freezing wraith closely misses you.
You hit the freezing wraith but do no damage.
The freezing wraith is heavily damaged.
You hit the freezing wraith but do no damage.
There is a sudden explosion of sparks!
The freezing wraith is almost destroyed.
The freezing wraith hits you. The freezing wraith freezes you!!
* * * LOW HITPOINT WARNING * * *
The freezing wraith hits you.
You die...

#...#......##.#.
#...#.##...##.#.
#...#....[..#.##
#...#####[[...#
....8.#.......#[#####
.8......#.......#.# .#
........'.......#.# .#
#..%.%..#####...#.######
.#
#...(..@W...#...#.......
.#
#......8....#)..#.......
.#
#.8.........#)..#.......
.#####
#...#'#######)).#.......
.....#
#...#...........#.....≈≈
#....#
#...#...........#...∩≈≈≈
####.#
#...........##.!=÷≈≈
.###.#
#...######+###...≈..
.....# .....#
#...##......


You could see a freezing wraith.

Vanquished Creatures
  Gastronok (D:8)
  A hydra (D:9)
  Pikel (D:9)
  The ghost of WereVolvo the Changer, a novice DgTm (D:8)
  The ghost of cireshan the Thaumaturge, a novice DECj of Sif Muna (D:9)
  Grinder (D:4)
  Sigmund (D:3)
  A hungry ghost (D:9)
  A hog (D:8)
  4 yaks
  The ghost of bollicks1999 the Skirmisher, an amateur MiFi (D:4)
  A human (D:8)
  Edmund (D:4)
  3 necrophages (D:8)
  4 slaves (D:9)
  2 black bears
  An ice beast (D:7)
  A sky beast (D:9)
  5 centaurs
  4 ogres
  A phantom (D:9)
  The ghost of cireshan the Chiller, an amateur HuIE (D:3)
  7 giant frogs
  A big kobold (D:9)
  A wyvern zombie (D:8)
  6 wights
  2 scorpions (D:9)
  An electric eel (D:9)
  2 centaur zombies
  4 crimson imps (D:8)
  4 hounds
  A quasit (D:9)
  3 orc priests
  A centaur skeleton (D:6)
  6 orc wizards
  3 iguanas
  6 worker ants
  2 sheep (D:8)
  A hound skeleton (D:8)
  5 adders
  4 gnolls (D:6)
  3 shadow imps
  2 worms
  An adder skeleton (D:4)
  4 giant geckos
  21 orcs
  5 ball pythons
  8 bats
  5 giant cockroaches
  11 goblins
  11 hobgoblins
  17 jackals
  14 kobolds
  6 quokkas
  A giant gecko skeleton (D:4)
  7 giant newts
  A jackal skeleton (D:8)
  A quokka skeleton (D:7)
  A quokka zombie (D:5)
  14 rats
231 creatures vanquished.

Vanquished Creatures (others)
  3 bushes (D:8)
  11 plants (D:8)
14 creatures vanquished.

Grand Total: 245 creatures vanquished

Notes
Turn   | Place    | Note
--------------------------------------------------------------
     0 | D:1      | lucasterio the Demonspawn Berserker began the quest for the Orb.
     0 | D:1      | Reached XP level 1. HP: 18/18 MP: 1/1
   566 | D:1      | Gained mutation: You are surrounded by a mild repulsion field (EV +2). [demonic ancestry]
   566 | D:1      | Reached XP level 2. HP: 22/24 MP: 2/2
   745 | D:1      | Reached ** piety under Trog
   775 | D:1      | Reached XP level 3. HP: 26/29 MP: 3/3
  1394 | D:2      | Found a shattered altar of Ashenzari.
  1766 | D:2      | Reached XP level 4. HP: 30/35 MP: 4/4
  1873 | D:2      | Reached *** piety under Trog
  2160 | D:2      | Found an ancient bone altar of Kikubaaqudgha.
  2355 | D:3      | Found an opulent altar of Gozag.
  2358 | D:3      | Found Gozag's Platinum Reserve.
  2592 | D:3      | Found a sparkling altar of Nemelex Xobeh.
  2731 | D:3      | Reached skill level 4 in Maces & Flails
  2952 | D:3      | Noticed Sigmund
  2961 | D:3      | Killed Sigmund
  2961 | D:3      | Reached skill level 5 in Maces & Flails
  2961 | D:3      | Gained mutation: You are slightly more attuned to the shadows. [demonic ancestry]
  2961 | D:3      | Reached XP level 5. HP: 41/41 MP: 5/5
  2961 | D:3      | Reached XP level 6. HP: 47/47 MP: 6/6
  3263 | D:3      | Noticed cireshan's ghost (amateur HuIE)
  3287 | D:3      | Killed cireshan's ghost
  3564 | D:4      | Noticed bollicks1999's ghost (amateur MiFi)
  3573 | D:4      | Killed bollicks1999's ghost
  3574 | D:4      | Reached skill level 6 in Maces & Flails
  3574 | D:4      | Gained mutation: You are significantly more attuned to the shadows. [demonic ancestry]
  3574 | D:4      | Reached XP level 7. HP: 52/52 MP: 7/7
  3986 | D:4      | Reached **** piety under Trog
  4134 | D:4      | Noticed Grinder
  4152 | D:4      | Paralysed by Grinder for 3 turns
  4160 | D:4      | Killed Grinder
  4362 | D:4      | Noticed Edmund
  4367 | D:4      | Killed Edmund
  4367 | D:4      | Reached skill level 7 in Maces & Flails
  4367 | D:4      | Reached skill level 5 in Armour
  4402 | D:4      | Found a stormy altar of Qazlal.
  4421 | D:5      | Entered Level 5 of the Dungeon
  4426 | D:5      | Got a smoking hand axe
  4432 | D:5      | Identified the +6 hand axe of Jifeinim {pain, rPois rF+ Dex-3 Stlth+} (You found it on level 5 of the Dungeon)
  4649 | D:5      | Found a staircase to the Ecumenical Temple.
  4713 | D:5      | Got a fabulously ornate robe
  4724 | D:5      | Identified the +2 robe "Jaduf" {rF+ MR+ Dex+2} (You found it on level 5 of the Dungeon)
  4788 | D:5      | Gained mutation: You are completely attuned to the shadows. [demonic ancestry]
  4788 | D:5      | Reached XP level 8. HP: 58/58 MP: 8/8
  5797 | D:6      | Found a sparkling altar of Nemelex Xobeh.
  6045 | D:6      | Reached skill level 8 in Maces & Flails
  6873 | D:7      | Reached skill level 9 in Maces & Flails
  7096 | D:8      | Gained mutation: You regenerate a little health from kills. [demonic ancestry]
  7096 | D:8      | Reached XP level 9. HP: 63/63 MP: 9/9
  7257 | D:8      | Noticed WereVolvo's ghost (novice DgTm)
  7294 | D:8      | Killed WereVolvo's ghost
  7294 | D:8      | Reached skill level 10 in Maces & Flails
  7474 | D:8      | Reached ***** piety under Trog
  7586 | D:8      | Noticed Gastronok
  7599 | D:8      | Killed Gastronok
  7599 | D:8      | Reached skill level 11 in Maces & Flails
  7599 | D:8      | Reached XP level 10. HP: 70/70 MP: 10/10
  7823 | D:8      | Found a burning altar of Makhleb.
  7823 | D:8      | Found a shimmering altar of Xom.
  7945 | D:8      | Found a blossoming altar of Fedhas.
  8661 | D:9      | Reached skill level 12 in Maces & Flails
  8673 | D:9      | Noticed cireshan's ghost (novice DECj)
  8703 | D:9      | Killed cireshan's ghost
  8726 | D:9      | Found a bloodstained altar of Trog.
  8857 | D:9      | Found Nyclocy's Magic Scroll Shop.
  8864 | D:9      | Received a gift from Trog
  8894 | D:9      | Noticed Pikel
  8923 | D:9      | Killed Pikel
  9171 | D:9      | Reached XP level 11. HP: 64/75 MP: 11/11
  9252 | D:9      | Noticed an eight-headed hydra
  9261 | D:9      | Killed an eight-headed hydra
  9284 | D:9      | HP: 3/75 [freezing wraith (22)]
  9284 | D:9      | Slain by a freezing wraith

Action                   |  1- 3 |  4- 6 |  7- 9 | 10-12 || total
-------------------------+-------+-------+-------+-------++-------
Melee: Mace              |   171 |    42 |       |       ||   213
       Morningstar       |       |   121 |    82 |       ||   203
       Flail             |       |       |   293 |   244 ||   537
       Hand axe          |       |       |     2 |       ||     2
       Whip              |       |       |       |    67 ||    67
Invok: Berserk           |     1 |     3 |     6 |     4 ||    14
       Burn Spellbooks   |       |       |     1 |       ||     1
  Use: Scroll            |       |       |     2 |     7 ||     9
 Stab: Sleeping          |       |       |    10 |       ||    10
  Eat: Chunk             |     4 |     6 |    20 |    10 ||    40
       Beef jerky        |       |     1 |       |       ||     1
